 Dungeon Crawl Stone Soup version 0.32-a0-918-g0f22ef8d61 (webtiles) character file.

Game seed: 14798431851280814669

10239 Ajdolov the Frost Mage (level 11, 0/92 HPs)
             Began as an Armataur Ice Elementalist on Apr 10, 2024.
             Was an Elder of Sif Muna.
             Hit by a large rock thrown by a cyclops (16 damage)
             ... on level 11 of the Dungeon.
             The game lasted 00:25:28 (10927 turns).

Ajdolov the Frost Mage (Armataur Ice Elementalist) Turns: 10927, Time: 00:25:29

Health: 0/92       AC: 16    Str: 15    XL:     11   Next: 33%
Magic:  13/23      EV:  8    Int: 19    God:    Sif Muna [****..]
Gold:   903        SH:  0    Dex: 10    Spells: 16/26 levels left

rFire   . . .        Q - +4 spear (heavy)
rCold   + . .        (no shield)
rNeg    . . .        H - +2 robe {Will+}
rPois   .            (no helmet)
rElec   .            (no cloak)
rCorr   .            g - +0 pair of gloves
SInv    .            (no barding)
Will    ++...        (no amulet)
Stlth   ++           u - ring of willpower
HPRegen 0.35/turn    y - ring of protection from cold
MPRegen 0.18/turn

%: roll
@: ice-armoured, freezing walls
A: large, deformed body, tough skin 3, armoured tail, rollpage 2
a: Renounce Religion, Channel Magic, Forget Spell, Divine Exegesis


You were on level 11 of the Dungeon.
You worshipped Sif Muna.
Sif Muna was greatly pleased with you.
You visited 2 branches of the dungeon, and saw 12 of its levels.
You also visited: Sewer and Bailey.

You collected 903 gold pieces.

Inventory:

Hand Weapons
 Q - a +4 heavy spear (weapon)
Missiles
 z - 6 throwing nets
 D - 7 curare-tipped darts
Armour
 g - a +0 pair of gloves (worn)
 H - a +2 robe of willpower (worn)
 M - a +1 plate armour of cold resistance
 O - the sphere of Battle
   (You took it off a gnoll bouda in a bailey)

   Battle:    It summons a battlesphere in combat, with strength depending on
   Conjurations skill.
   Destructive: It enhances your destructive magic, and weakens non-destructive
   magic.
 R - the +10 Black Knight's barding {ponderous, rPois rN+}
   (You found it on level 10 of the Dungeon)

   rPois:     It protects you from poison.
   rN+:       It protects you from negative energy.
Magical Staves
 F - a staff of earth
Jewellery
 t - a ring of resist corrosion
 u - a ring of willpower (left hand)
 y - a ring of protection from cold (right hand)
 A - a ring of flight
 N - a ring of fire
Wands
 k - a wand of polymorph (6)
 r - a wand of flame (14)
 G - a wand of mindburst (17)
Scrolls
 a - 2 scrolls of revelation {unknown}
 c - 2 scrolls of poison {unknown}
 e - a scroll of enchant armour {unknown}
 h - a scroll of vulnerability {unknown}
 j - 2 scrolls of blinking {unknown}
 o - a scroll of fear {unknown}
 p - 2 scrolls of torment {unknown}
 s - 2 scrolls of silence {unknown}
 v - a scroll of immolation {unknown}
 x - 4 scrolls of identify {unknown}
 I - 2 scrolls of teleportation {unknown}
 J - a scroll of butterflies {unknown}
 P - 2 scrolls of enchant weapon {unknown}
 S - a scroll of fog {unknown}
Potions
 b - 3 potions of magic
 d - 3 potions of attraction {unknown}
 f - 4 potions of haste
 i - a potion of berserk rage {unknown}
 l - a potion of degeneration {unknown}
 m - 2 potions of curing {unknown}
 n - 3 potions of might {unknown}
 q - 2 potions of ambrosia {unknown}
 w - 2 potions of enlightenment {unknown}
 B - a potion of brilliance {unknown}
 C - a potion of resistance {unknown}
 E - a potion of heal wounds {unknown}
 K - a potion of mutation {unknown}
 L - a potion of cancellation {unknown}
 T - a potion of lignification {unknown}


   Skills:
 + Level 7.1 Fighting
 - Level 1.3 Dodging
 - Level 2.1 Stealth
 + Level 8.4 Spellcasting
 - Level 12.0 Ice Magic
 + Level 3.1 Evocations


You had 16 spell levels left.
You knew the following spells:

 Your Spells              Type           Power      Damage    Failure   Level
a - Freeze                Ice            100%       1d10      1%          1
b - Frozen Ramparts       Ice            100%       1d16      1%          3
c - Ozocubu's Armour      Ice            52%        N/A       1%          3
d - Summon Ice Beast      Ice/Summ       30%        N/A       2%          3

Your spell library contained the following spells:

 Spells                   Type           Power      Damage    Failure   Level
 Ensorcelled Hibernation  Hex/Ice        60%        N/A       1%          2
 Call Canine Familiar     Summ           8%         N/A       26%         3
 Sigil of Binding         Hex            8%         N/A       26%         3
 Anguish                  Hex/Necr       4%         N/A       65%         4
 Cause Fear               Hex            4%         N/A       65%         4
 Dimensional Bullseye     Hex/Tloc       4%         N/A       65%         4
 Summon Blazeheart Golem  Fire/Summ      8%         N/A       65%         4
 Vhi's Electric Charge    Tloc/Air       16%        N/A       65%         4
 Arcjolt                  Conj/Air       4%         1d14      94%         5
 Plasma Beam              Fire/Air       4%         2x1d14    100%        6
 Enfeeble                 Hex            4%         N/A       100%        7
 Orb of Destruction       Conj           4%         9d5       100%        7
 Spellforged Servitor     Conj/Summ      4%         N/A       100%        7


Dungeon Overview and Level Annotations

Branches:
Dungeon (11/15)            Temple (1/1) D:5            Lair (0/5) D:8
    Orc (0/2) D:9           Sewer (visited)          Bailey (visited)

Altars:
Ashenzari
Cheibriados
Dithmenos
Elyvilon
Fedhas
Gozag
Hepliaklqana
Kikubaaqudgha
Makhleb
Nemelex Xobeh
Okawaru
Qazlal
Ru
Sif Muna
Trog
Uskayaw
Vehumet
Wu Jian
Xom
Yredelemnul
Zin
The Shining One

Shops:
D:4 [   D:9 (

Annotations:
D:2 Sigmund
Temple 2 transporters


Innate Abilities, Weirdness & Mutations

Armour fits poorly on your strangely shaped body.
You have extremely tough skin. (AC +3)
You have a long armoured tail.
You regenerate magic and health when rolling toward enemies. (Rampage Regen)


Message History

You hit the boulder beetle but do no damage.
The boulder beetle is almost dead.
The wall freezes the boulder beetle but does no damage.
The boulder beetle barely misses you.
The wall freezes the boulder beetle but does no damage.
The boulder beetle bites you but does no damage.
You hit the boulder beetle but do no damage.
The boulder beetle is almost dead.
The wall freezes the boulder beetle but does no damage.
The boulder beetle bites you.
The wall freezes the boulder beetle but does no damage.
The boulder beetle bites you!
Unknown command.
You hit the boulder beetle but do no damage.
The boulder beetle is almost dead.
The frozen ramparts melt away.
The boulder beetle bites you but does no damage.
A cyclops comes into view.
Unknown command.
You hit the boulder beetle but do no damage.
You tail-slap the boulder beetle, but do no damage.
The boulder beetle is almost dead.
The boulder beetle bites you but does no damage.
The boulder beetle bites you!
* * * LOW HITPOINT WARNING * * *
Unknown command.
Casting: Frozen Ramparts (safe; 1% risk of failure)
Confirm with . or Enter, or press ? or * to list all spells.
Casting: Frozen Ramparts (safe; 1% risk of failure)
Press: ? - help, Dir - look around, f - activate The walls around you are covered in ice.
The wall freezes the boulder beetle but does no damage.
The boulder beetle bites you!
* * * LOW HITPOINT WARNING * * *
You hit the boulder beetle but do no damage.
The boulder beetle is almost dead.
The wall freezes the boulder beetle.
The boulder beetle bites you.
* * * LOW HITPOINT WARNING * * *
The cyclops throws a large rock.
The large rock hits you!
You die...

###### ....#
...# # ..#
####.##.#
#.......#######
#..$..))B@....#
#......###.<..#
....... #....#
....... #....#
...B..! #..C.#
....... ##.#.#
..#.... #.#.#
###.... #.#.#
#.#.#


You could see a boulder beetle and a cyclops.

Vanquished Creatures
  Pikel (D:4)
  A cyclops (D:10)
  A kobold demonologist (D:10)
  Prince Ribbit (D:7)
  A wraith (D:10)
  5 wyverns
  7 yaks (D:8)
  Eustachio (D:5)
  A steam dragon (D:8)
  An acid dragon (D:10)
  2 water moccasins (D:7)
  2 black bears (D:7)
  6 orc warriors
  A sky beast (D:8)
  Pargi (Sewer)
  4 centaurs
  An ogre (D:6)
  8 wolves (Bailey)
  2 lemures
  2 kobold brigands (D:8)
  3 bullfrogs (D:7)
  A brain worm (Sewer)
  3 scorpions
  8 gnoll sergeants
  A wight (D:8)
  An electric eel (D:9)
  3 bombardier beetles
  5 howler monkeys
  A jelly (D:4)
  2 orc priests
  5 hounds
  6 gnoll boudas
  Jessica (D:3)
  2 sleepcaps
  8 orc wizards
  16 gnolls
  9 adders
  3 white imps (D:6)
  3 dart slugs
  2 ribbon worms
  37 orcs
  8 ball pythons
  6 bats
  6 endoplasms
  A giant cockroach (D:4)
  5 goblins
  2 hobgoblins
  4 jackals (D:4)
  16 kobolds
  2 quokkas (D:4)
  6 frilled lizards
  3 rats
228 creatures vanquished.

Vanquished Creatures (collateral kills)
  A two-headed ogre (D:8)
  2 yaks (D:8)
  2 orc warriors (D:9)
  2 ice beasts (D:6)
  2 wolves (Bailey)
  A kobold brigand (D:7)
  2 gnoll sergeants (Bailey)
  A scorpion (D:6)
  2 wights (D:8)
  A jelly (D:6)
  An orc priest (D:9)
  A gnoll bouda (Bailey)
  8 gnolls
  4 orcs
  2 bats (Sewer)
32 creatures vanquished.

Grand Total: 260 creatures vanquished

Notes
Turn   | Place    | Note
-------+----------+-------------------------------------------
     0 | D:1      | Ajdolov the Armataur Ice Elementalist began the quest for
                  | the Orb.
     0 | D:1      | Reached XP level 1. HP: 14/14 MP: 3/3
   382 | D:1      | Reached XP level 2. HP: 18/20 MP: 1/5
   399 | D:1      | HP: 1/20 [gnoll/+0 club (2)]
   401 | D:1      | Reached skill level 4 in Ice Magic
  1078 | D:2      | Reached XP level 3. HP: 26/26 MP: 0/6
  1382 | D:2      | Noticed Sigmund
  1478 | D:1      | Learned a level 3 spell: Frozen Ramparts
  1482 | D:1      | Learned a level 3 spell: Ozocubu's Armour
  1799 | D:3      | Noticed Jessica
  1856 | D:3      | Killed Jessica
  1857 | D:3      | Reached XP level 4. HP: 33/33 MP: 2/8
  2485 | D:3      | Found a white marble altar of Elyvilon.
  2599 | D:4      | Noticed Pikel
  2599 | D:4      | Noticed a lemure
  2599 | D:4      | Noticed a lemure
  2599 | D:4      | Noticed a lemure
  2618 | D:3      | Killed a lemure
  2769 | D:4      | Reached XP level 5. HP: 23/38 MP: 3/9
  2890 | D:4      | Reached skill level 5 in Ice Magic
  2909 | D:4      | Noticed a lemure
  2931 | D:4      | Killed a lemure
  3082 | D:4      | Reached XP level 6. HP: 35/45 MP: 8/12
  3462 | D:4      | Killed Pikel
  3463 | D:4      | Reached skill level 5 in Spellcasting
  3463 | D:4      | Reached skill level 6 in Ice Magic
  3463 | D:4      | Gained mutation: You regenerate magic and health when
                  | rolling toward enemies. (Rampage Regen) [Armataur growth]
  3463 | D:4      | Reached XP level 7. HP: 26/50 MP: 2/15
  3574 | D:4      | Found Waloifod's Armour Boutique.
  3663 | D:5      | Entered Level 5 of the Dungeon
  3970 | D:5      | Found a glowing silver altar of Zin.
  4029 | D:5      | Noticed Eustachio
  4038 | D:5      | Reached skill level 7 in Ice Magic
  4101 | D:5      | Killed Eustachio
  4102 | D:5      | Reached XP level 8. HP: 50/57 MP: 10/16
  4264 | D:5      | Found a staircase to the Ecumenical Temple.
  4270 | Temple   | Found a transporter.
  4270 | Temple   | Found a transporter.
  4270 | Temple   | Found a transporter.
  4270 | Temple   | Found a transporter.
  4270 | Temple   | Entered the Ecumenical Temple
  4286 | Temple   | Became a worshipper of Sif Muna the Loreminder
  4513 | D:5      | Found a stormy altar of Qazlal.
  4723 | D:6      | Learned a level 3 spell: Summon Ice Beast
  5180 | D:6      | Found a glowing drain.
  5191 | Sewer    | Entered a sewer
  5216 | Sewer    | Reached * piety under Sif Muna
  5220 | Sewer    | Noticed Pargi
  5228 | Sewer    | Killed Pargi
  5229 | Sewer    | Reached skill level 8 in Ice Magic
  5693 | D:6      | Found a radiant altar of Vehumet.
  5777 | D:6      | Reached XP level 9. HP: 62/62 MP: 15/19
  6012 | D:7      | Reached skill level 9 in Ice Magic
  6333 | D:7      | Reached ** piety under Sif Muna
  6380 | D:7      | Noticed Prince Ribbit
  6397 | D:7      | Killed Prince Ribbit
  6492 | D:7      | Got Safisch's Parchment of Glacial Attendants
  6505 | D:7      | Reached skill level 10 in Ice Magic
  6700 | D:7      | Found a bloodstained altar of Trog.
  6814 | D:8      | Noticed a two-headed ogre
  6816 | D:8      | Reached skill level 1 in Fighting
  6822 | D:8      | Killed a two-headed ogre
  6823 | D:8      | Reached XP level 10. HP: 29/74 MP: 7/22
  6980 | D:8      | Found a staircase to the Lair.
  7208 | D:8      | Found an ornate altar of the Wu Jian Council.
  7308 | D:8      | Reached skill level 11 in Ice Magic
  7472 | D:8      | Found a shimmering altar of Xom.
  7498 | D:8      | Found a shimmering altar of Xom.
  7502 | D:8      | Found a shimmering altar of Xom.
  7502 | D:8      | Found a shimmering altar of Xom.
  7502 | D:8      | Found a shimmering altar of Xom.
  7664 | D:8      | Reached *** piety under Sif Muna
  7767 | D:8      | Reached skill level 5 in Fighting
  8135 | D:9      | Found Lerhogoi's Weapon Emporium.
  8194 | D:9      | Found a staircase to the Orcish Mines.
  8323 | D:9      | Found a flagged portal.
  8332 | Bailey   | Entered a bailey
  8376 | Bailey   | Reached **** piety under Sif Muna
  8788 | Bailey   | Reached skill level 12 in Ice Magic
  8788 | Bailey   | Reached XP level 11. HP: 83/91 MP: 13/23
  8798 | Bailey   | Reached skill level 1 in Evocations
  9461 | D:9      | Found a snail-covered altar of Cheibriados.
  9462 | D:9      | Found an ancient bone altar of Kikubaaqudgha.
  9830 | D:10     | Entered Level 10 of the Dungeon
 10338 | D:10     | Found an iron altar of Okawaru.
 10344 | D:10     | Identified the +0 spear "Viunof" {heavy, rN+ rCorr Dex+4}
 10356 | D:10     | Found the +10 Black Knight's barding {ponderous, rPois rN+}
 10428 | D:10     | Found a sacrificial altar of Ru.
 10809 | D:10     | Identified the +1 scale mail "Yzeig" {-Tele rPois Str+4
                  | Dex+5}
 10888 | D:11     | Noticed a boulder beetle
 10927 | D:11     | Hit by a large rock thrown by a cyclops

Illustrated notes

Levels and vault maps discovered:
D:1:      saegor_arrival_simple_e, layout_basic
D:2:      layout_basic, uniq_sigmund
D:3:      layout_rooms, mainiacjoe_overflow_six_doors_small, uniq_jessica
D:4:      layout_cave_pools, serial_shops, nicolae_shop_waterfront,
          chequers_serial_rivers_marsh, uniq_pikel
D:5:      layout_basic, zin_academy, mainiacjoe_overflow_24_doors,
          minmay_temple_entry_enclosed_plants, uniq_eustachio
D:6:      layout_loops_ring, vehumet_crystals, portal_sewer_entry_d,
          st_stairs_14
D:7:      layout_cave_pools, trog_ov_bears_minmay, minmay_strange_pillars,
          uniq_prince_ribbit1
D:8:      layout_rooms, nicolae_wu_jian_wuxing_cycle, xom_shifter_show,
          minmay_unpleasant_kobolds
D:9:      layout_small_grid, nicolae_overflow_squiral, orc_david_3,
          enter_bailey_2
D:10:     layout_small_grid, okawaru_ov_weapons_minmay,
          mainiacjoe_overflow_cross_hatched, lightli_minifort
D:11:     layout_basic, serial_shops, shop
Temple:   hellmonk_temple_divided_pantheon

Skill      XL: |  1  2  3  4  5  6  7  8  9 10 11 |
---------------+----------------------------------+-----
Spellcasting   | 2 3 4 5 7 8 |  8.4
Ice Magic      | 4 5 6 7 8 10 12 | 12.0
Fighting       | 2 6 7 |  7.1
Evocations     | 3 |  3.1
Dodging        | |  1.3
Stealth        | |  2.1

Action                     |  1- 3 |  4- 6 |  7- 9 | 10-12 || total
---------------------------+-------+-------+-------+-------++-------
  Melee: Unarmed           |     7 |       |       |       ||     7
         Short sword       |    17 |    80 |       |       ||    97
         Tailslap          |     2 |    11 |    11 |    21 ||    45
         Dagger            |       |    14 |       |       ||    14
         Whip              |       |       |   113 |   125 ||   238
         Spear             |       |       |       |    26 ||    26
   Cast: Freeze            |    43 |    11 |     2 |       ||    56
         Frozen Ramparts   |     3 |    15 |    35 |    42 ||    95
         Ozocubu's Armour  |     1 |     5 |    16 |    27 ||    49
         Summon Ice Beast  |       |       |    14 |    24 ||    38
  Evoke: Wand              |       |       |       |     2 ||     2
   Stab: Sleeping          |     2 |     4 |     1 |       ||     7
         Distracted        |     1 |       |       |       ||     1
 Armour: Robe              |    45 |    83 |   120 |   190 ||   438
         Skin              |     5 |       |       |       ||     5
         Steam dragon scal |       |       |       |    34 ||    34
  Dodge: Dodged            |    23 |    43 |    66 |   111 ||   243

Table legend: (Time is in decaauts)
 A = Elapsed time spent in this place.
 B = Non-inter-level travel time spent in this place.
 C = Inter-level travel time spent in this place.
 D = Time resting spent in this place.
 E = Time spent auto-exploring this place.
 F = Levels seen in this place.
 G = Mean time per level.
                   A        B        C        D        E       F      G
               +--------+--------+--------+--------+--------+-----+--------+
         Total |  10984 |  10556 |    428 |    981 |   6958 |  14 |  784.6 |
       Dungeon |   9850 |   9431 |    419 |    503 |   6769 |  11 |  895.5 |
        Temple |     36 |     27 |      9 |      0 |      0 |   1 |   36.0 |
         Sewer |    100 |    100 |      0 |      0 |     29 |   1 |  100.0 |
        Bailey |    997 |    997 |      0 |    478 |    160 |   1 |  997.0 |
               +--------+--------+--------+--------+--------+-----+--------+

Top non-repeatable levels by time:
     D:8: 1272 daAuts
     D:1: 1200 daAuts
     D:6: 1169 daAuts
    D:10: 1077 daAuts
     D:4: 1032 daAuts
  Bailey: 997 daAuts
     D:5: 972 daAuts
     D:2: 877 daAuts
     D:7: 843 daAuts
     D:9: 764 daAuts
     D:3: 586 daAuts
   Sewer: 100 daAuts
    D:11: 54 daAuts
  Temple: 36 daAuts
